 Dungeon Crawl Stone Soup version 0.30.1 (webtiles) character file.

Game seed: 11598482343048365873

1252 Sylvite the Ruffian (level 8, -3/79 HPs)
             Began as a Troll Summoner on July 9, 2023.
             Was a Follower of Dithmenos.
             Engulfed by a cloud of freezing vapour (25 damage)
             ... on level 6 of the Dungeon.
             The game lasted 00:46:00 (5798 turns).

Sylvite the Ruffian (Troll Summoner)                Turns: 5798, Time: 00:46:00

Health: -3/79      AC:  6    Str: 17    XL:     8   Next: 26%
Magic:  8/8        EV: 10    Int: 11    God:    Dithmenos [*.....]
Gold:   415        SH:  5    Dex: 12    Spells: 8/9 levels left

rFire   . .          .
                       - Unarmed
rCold   . . .        (no shield)
rNeg    . . .        t - +2 robe
rPois   +            (helmet restricted)
rElec   .            (no cloak)
rCorr   +            (gloves unavailable)
SInv    .            (boots unavailable)
Will    .....        e - amulet of reflection
Stlth   ++           P - ring of poison resistance
HPRegen 1.13/turn    R - ring of resist corrosion
MPRegen 0.11/turn

%: reflection
@: wreathed by umbra
A: large, unfitting armour, claws 3, regeneration 1, shaggy fur 1, tough skin 1
a: Renounce Religion


You were on level 6 of the Dungeon.
You worshipped Dithmenos.
Dithmenos was aware of your devotion.
You visited 2 branches of the dungeon, and saw 7 of its levels.

You collected 415 gold pieces.


Innate Abilities, Weirdness & Mutations

You are too large for most types of armour.
You have claws for hands.
Your natural rate of healing is unusually fast.
You are covered in fur. (AC +1)
You have tough skin. (AC +1)


   Skills:
 + Level 4.5 Fighting
 + Level 3.6 Dodging
 - Level 1.0 Stealth
 - Level 7.0 Unarmed Combat
 - Level 1.2 Spellcasting
 - Level 3.0 Summonings


You had 8 spell levels left.
You knew the following spells:

 Your Spells              Type           Power      Damage    Failure   Level
z - Summon Small Mammal   Summ           28%        N/A       10%         1

Your spell library contained the following spells:

 Spells                   Type           Power      Damage    Failure   Level
 Call Imp                 Summ           14%        N/A       14%         2
 Call Canine Familiar     Summ           7%         N/A       28%         3
 Blink                    Tloc           0%         N/A       43%         2
 Lesser Beckoning         Tloc           0%         N/A       43%         2
 Momentum Strike          Conj/Tloc      0%         3d8       43%         2
 Summon Guardian Golem    Hex/Summ       3%         N/A       45%         3
 Summon Lightning Spire   Summ/Air       3%         N/A       86%         4

Inventory:

Hand Weapons
 a - the +4 whip of Zampav {drain, Fly Dex+3}
   (You took it off a gnoll on level 4 of the Dungeon)

   Dex:       It affects your dexterity (+3).
   Fly:       It grants you flight.
Missiles
 d - 62 stones (quivered)
 q - a throwing net {=f}
 s - 5 poisoned darts
Armour
 t - a +2 robe (worn)
Jewellery
 e - an amulet of reflection (around neck)
 I - a +6 ring of intelligence
 P - a ring of poison resistance (left claw)
 R - a ring of resist corrosion (right claw)
Wands
 n - a wand of iceblast (4)
 v - a wand of polymorph (4)
Scrolls
 c - a scroll of brand weapon {unknown}
 f - 4 scrolls of teleportation {@r2}
 i - a scroll of butterflies {unknown}
 k - a scroll of poison
 l - a scroll of silence {unknown}
 p - a scroll of fear {unknown}
 r - a scroll of magic mapping {unknown}
 u - a scroll of enchant weapon {unknown}
Potions
 b - a potion of magic
 g - 2 potions of attraction
 h - 3 potions of berserk rage {!q}
 j - 3 potions of curing {@q1}
 m - a potion of invisibility
 o - a potion of ambrosia
 w - a potion of cancellation {unknown}

Dungeon Overview and Level Annotations

Branches:
Dungeon (6/15)             Temple (1/1) D:5

Altars:
Cheibriados
Dithmenos
Fedhas
Kikubaaqudgha
Qazlal
Wu Jian
Xom
Yredelemnul
Zin

Annotations:
D:6 Grinder

#'###........▒.▒☼▒# #######.###.
....#........▒☼▒.▒# #.....#.#<..
.............▒.▒.▒# #.###.#.##.#
.............▒☼▒.▒# #...#...#...
.............▒☼▒.▒# ###.#####..#
....#.#######▒☼▒.▒# #.#.#.......
....#.# #▒.▒.▒# #.#....#....
....#.##### #▒.▒☼▒# #...#....###
..........###▒.▒@▒####.#.#....#
......⚑....##▒.▒☼▒##...#......#
##..▒▒▒▒▒..##▒.▒☼▒##.#####....#
....▒...▒..##▒.▒☼▒##..........#
....▒.A.▒)..#▒.▒☼▒####...######
....▒...▒...#▒$▒☼▒# #.#....#
....▒▒▒▒▒...#▒$▒☼▒####......#
......⚑."...#▒$▒☼▒##...#.########
...$........#▒$▒.'.....#.........


There were no monsters in sight!


Message History

You barely miss the orc. The orc misses you.
You scratch the orc but do no damage. The orc hits you but does no damage.
You barely miss the orc. The orc closely misses you.
You barely miss the orc. You claw the orc!
You kill the orc!
Dithmenos accepts your kill.
Things that are here:
a +0 mace; a +0 leather armour Search for what [Enter for "."]? .
There is an open door here.
You now have 415 gold pieces (gained 14).
You see here a +0 whip.
Okay, then.
Really walk into a travel-excluded area?
There is an open door here.
You start waiting.
Done waiting.
You are engulfed in freezing vapours.
You are engulfed in freezing vapours.
You are engulfed in freezing vapours.
* * * LOW HITPOINT WARNING * * *
Okay, then.
You are engulfed in freezing vapours.
* * * LOW HITPOINT WARNING * * *
You feel much better.
You are engulfed in freezing vapours.
* * * LOW HITPOINT WARNING * * *
You start resting.
You are engulfed in freezing vapours.
You die...

Skill      XL: |  1  2  3  4  5  6  7 |
---------------+----------------------+-----
Unarmed Combat | 1 2 3 4 5 7 |  7.0
Fighting       | 1 2 3 4 |  4.5
Summonings     | 3 |  3.0
Dodging        | 2 3 |  3.6
Stealth        | |  1.0
Spellcasting   | |  1.2

Action                     |  1- 3 |  4- 6 |  7- 9 || total
---------------------------+-------+-------+-------++-------
  Melee: Unarmed           |   108 |   208 |   107 ||   423
         Punch             |       |     6 |     4 ||    10
  Throw: Stone             |     1 |     3 |       ||     4
    Use: Scroll            |     2 |     6 |     3 ||    11
         Potion            |       |       |     1 ||     1
   Stab: Sleeping          |     5 |     4 |     1 ||    10
 Armour: Robe              |    28 |    45 |    31 ||   104
  Dodge: Dodged            |    56 |    70 |    43 ||   169
  Block: Other             |     9 |    26 |    24 ||    59
         Reflection        |       |     1 |       ||     1

Levels and vault maps discovered:
D:1:      elethiomel_arrival_infinity_welcomes_careful_drivers,
          layout_loops_cross
D:2:      layout_loops_ring, minmay_crystal_water
D:3:      layout_rooms, serial_aquarium, aquarium_bridge_long_separate
          [aquarium_subvault_wall, aquarium_subvault_bridge,
          aquarium_subvault_wall, aquarium_subvault_bridge,
          aquarium_subvault_bridge, aquarium_subvault_balcony],
          aquarium_window_fake, aquarium_window_fake, aquarium_view_2a,
          aquarium_view_2a, uniq_sigmund
D:4:      kennysheep_goblin_castle, layout_basic, uniq_blork_the_orc
D:5:      layout_rooms, nicolae_wu_jian_glorious_leap, temple_doors_e,
          grunt_ministairs_6
D:6:      lemuel_ice_spiral_2, layout_basic,
          grunt_temple_overflow_order_and_chaos_1, uniq_grinder
Temple:   nicolae_temple_superstar

Notes
Turn   | Place    | Note
-------+----------+-------------------------------------------
     0 | D:1      | Sylvite the Troll Summoner began the quest for the Orb.
     0 | D:1      | Reached XP level 1. HP: 16/16 MP: 1/1
   258 | D:1      | Reached skill level 1 in Unarmed Combat
   402 | D:1      | Reached XP level 2. HP: 24/24 MP: 2/2
   638 | D:1      | Reached skill level 2 in Unarmed Combat
   999 | D:1      | Reached skill level 1 in Fighting
  1176 | D:2      | Reached XP level 3. HP: 33/33 MP: 3/3
  1370 | D:2      | Reached skill level 3 in Unarmed Combat
  1478 | D:2      | Reached XP level 4. HP: 33/41 MP: 4/4
  1910 | D:3      | Reached skill level 2 in Fighting
  2080 | D:3      | Noticed Sigmund
  2470 | D:4      | Reached XP level 5. HP: 39/49 MP: 5/5
  2505 | D:4      | Reached skill level 4 in Unarmed Combat
  2505 | D:4      | Reached skill level 3 in Summonings
  2615 | D:4      | Reached skill level 3 in Fighting
  2843 | D:4      | Noticed an ogre
  3055 | D:4      | Reached XP level 6. HP: 59/61 MP: 6/6
  3129 | D:4      | Noticed Blork the orc
  3136 | D:4      | Killed Blork the orc
  3137 | D:4      | Reached skill level 2 in Dodging
  3218 | D:4      | Reached skill level 5 in Unarmed Combat
  3419 | D:4      | Noticed Ijyb
  3430 | D:4      | Killed Ijyb
  3706 | D:5      | Entered Level 5 of the Dungeon
  3901 | D:5      | Found a staircase to the Ecumenical Temple.
  3906 | Temple   | Entered the Ecumenical Temple
  4064 | Temple   | Became a worshipper of Dithmenos the Shadowed
  4169 | D:5      | Reached XP level 7. HP: 68/68 MP: 7/7
  4216 | D:4      | Reached skill level 4 in Fighting
  4216 | D:4      | Reached skill level 3 in Dodging
  4379 | D:3      | Killed Sigmund
  4380 | D:3      | Reached skill level 6 in Unarmed Combat
  4613 | D:5      | Found an ornate altar of the Wu Jian Council.
  4738 | D:5      | Reached skill level 7 in Unarmed Combat
  4738 | D:5      | Reached XP level 8. HP: 78/78 MP: 8/8
  4823 | D:5      | Identified the +4 whip of Zampav {drain, Fly Dex+3}
  5209 | D:6      | Reached * piety under Dithmenos
  5335 | D:6      | Noticed an angel
  5337 | D:6      | Found a shimmering altar of Xom.
  5338 | D:6      | Found a glowing silver altar of Zin.
  5356 | D:6      | Noticed Grinder
  5789 | D:6      | HP: 3/79 [something (25)]
  5798 | D:6      | Engulfed by a cloud of freezing vapour

Vanquished Creatures
  Sigmund (D:3)
  A black bear (D:6)
  2 ogres
  Blork the orc (D:4)
  A scorpion (D:5)
  4 hounds
  2 jellies
  An orc priest (D:4)
  A gnoll bouda (D:4)
  2 iguanas
  Ijyb (D:4)
  An orc wizard (D:6)
  16 gnolls
  7 adders
  A shadow imp (D:5)
  An ufetubus (D:5)
  3 worms
  2 dart slugs (D:2)
  10 orcs
  6 ball pythons
  16 endoplasms
  2 giant cockroaches (D:2)
  15 goblins
  7 hobgoblins
  15 jackals
  5 quokkas
  5 bats
  2 frilled lizards
  7 kobolds
  5 rats
143 creatures vanquished.

Vanquished Creatures (others)
  A goblin (D:4)
1 creature vanquished.

Grand Total: 144 creatures vanquished

Table legend: (Time is in decaauts)
 A = Elapsed time spent in this place.
 B = Non-inter-level travel time spent in this place.
 C = Inter-level travel time spent in this place.
 D = Time resting spent in this place.
 E = Time spent auto-exploring this place.
 F = Levels seen in this place.
 G = Mean time per level.
                   A        B        C        D        E       F      G
               +--------+--------+--------+--------+--------+-----+--------+
         Total |   5773 |   4236 |   1537 |    433 |    181 |   7 |  824.7 |
       Dungeon |   5598 |   4108 |   1490 |    433 |     75 |   6 |  933.0 |
        Temple |    174 |    127 |     47 |      0 |    106 |   1 |  174.0 |
               +--------+--------+--------+--------+--------+-----+--------+

Top non-repeatable levels by time:
     D:4: 1803 daAuts
     D:1: 1055 daAuts
     D:5: 893 daAuts
     D:3: 726 daAuts
     D:6: 611 daAuts
     D:2: 508 daAuts
  Temple: 174 daAuts

Table legend:
 A = Non-vault XP
 B = Vault XP
 C = Vault XP percentage of total XP
 D = Non-vault monster count
 E = Vault monster count
 F = Vault count percentage of total count
                 A         B        C        D         E       F
            +---------+---------+-------+---------+---------+-------
      Total |    1411 |     378 |  21.1 |     126 |      17 |  11.9
            +---------+---------+-------+---------+---------+-------
        D:1 |      36 |       0 |   0.0 |      22 |       0 |   0.0
        D:2 |      67 |       0 |   0.0 |      21 |       0 |   0.0
        D:3 |      55 |     214 |  79.6 |      18 |       1 |   5.3
        D:4 |     573 |     160 |  21.8 |      38 |      14 |  26.9
        D:5 |     409 |       4 |   1.0 |      18 |       2 |  10.0
        D:6 |     271 |       0 |   0.0 |       9 |       0 |   0.0
            +---------+---------+-------+---------+---------+-------
